 Dungeon Crawl Stone Soup version 0.29.0-13-gc9e81de378 (webtiles) character file.

Game seed: 1938205742641417804

16022 DoubleLucky the Thaumaturge (level 12, -3/82 (96) HPs)
             Began as a Pale Draconian Fire Elementalist on Sept 10, 2022.
             Was a Priest of Vehumet.
             Slain by a centaur warrior
             ... wielding a +4 great mace of draining
              (25 damage)
             ... on level 11 of the Dungeon.
             The game lasted 01:04:20 (16054 turns).

DoubleLucky the Thaumaturge (DrFE)                 Turns: 16054, Time: 01:04:21

HP:   -3/82 (96)    AC: 15    Str: 11    XL:     12   Next: 6%
MP:   23/28         EV: 11    Int: 21    God:    Vehumet [***...]
Gold: 577           SH:  5    Dex: 11    Spells: 16/36 levels left

rFire   + . .      SeeInvis .   E - +1 dagger (venom)
rCold   . . .      Faith    .   F - +0 buckler
rNeg    . . .      Spirit   .   (body armour unavailable)
rPois   .          Reflect  .   (helmet restricted)
rElec   .          Harm     .   (no cloak)
rCorr   .          Rampage  .   x - +1 pair of gloves {Stlth+}
Will    .....                   y - +0 pair of boots
Stlth   +++.......              z - amulet of magic regeneration
HPRegen 0.23/turn               j - +4 ring of protection
MPRegen 0.61/turn               J - ring of protection from fire

@: heavily drained
A: breathe steam, AC +8, unfitting armour, cold-blooded, steam resistance
a: Breathe Steam, Renounce Religion


You were on level 11 of the Dungeon.
You worshipped Vehumet.
Vehumet was most pleased with you.
You visited 2 branches of the dungeon, and saw 12 of its levels.
You also visited: Ossuary.

You collected 787 gold pieces.
You spent 210 gold pieces at shops.

Inventory:

Hand Weapons
 E - a +1 dagger of venom (weapon)
 I - a +0 demon whip of venom
Armour
 x - a +1 pair of gloves of stealth (worn)
 y - a +0 pair of boots (worn)
 F - a +0 buckler (worn)
Jewellery
 j - a +4 ring of protection (left hand)
 u - a +6 ring of strength
 z - an amulet of magic regeneration (around neck)
 J - a ring of protection from fire (right hand)
 K - an amulet of the acrobat
Wands
 t - a wand of flame (6)
 P - a wand of quicksilver (4)
Scrolls
 d - a scroll of summoning
 e - 2 scrolls of enchant weapon {unknown}
 h - a scroll of vulnerability {unknown}
 i - 2 scrolls of noise {unknown}
 m - 5 scrolls of fear
 n - a scroll of butterflies {unknown}
 o - 3 scrolls of amnesia
 w - 3 scrolls of magic mapping
 H - a scroll of immolation {unknown}
 L - a scroll of silence {unknown}
 Q - a scroll of blinking {unknown}
Potions
 a - 2 potions of magic
 c - 2 potions of might
 f - 3 potions of brilliance
 g - a potion of invisibility {unknown}
 k - 2 potions of mutation {unknown}
 l - 12 potions of curing
 p - 3 potions of resistance
 q - 2 potions of berserk rage
 r - 4 potions of lignification
 s - 4 potions of attraction
 v - a potion of haste
 A - 5 potions of flight
 N - a potion of cancellation {unknown}
Miscellaneous
 O - a phantom mirror


   Skills:
 - Level 6.0 Fighting
 - Level 1.7 Dodging
 - Level 1.7 Stealth
 - Level 6.0 Shields
 + Level 12.9 Spellcasting
 - Level 5.0 Conjurations
 - Level 5.0 Hexes
 - Level 8.0 Fire Magic
 - Level 6.0 Air Magic


You had 16 spell levels left.
You knew the following spells:

 Your Spells              Type           Power      Damage    Failure   Level
a - Foxfire               Conj/Fire      100%       2x1d9     1%          1
b - Scorch                Fire           94%        2d9       1%          2
c - Conjure Flame         Conj/Fire      40%        6-21      1%          3
d - Inner Flame           Hex/Fire       40%        N/A       1%          3
e - Poisonous Vapours     Pois/Air       52%        N/A       1%          2
f - Swiftness             Air            38%        N/A       1%          3
g - Stone Arrow           Conj/Erth      48%        3d10      1%          3
h - Ignite Poison         Fire/Tmut/Pois 24%        N/A       1%          3

Your spell library contained the following spells:

 Spells                   Type           Power      Damage    Failure   Level
 Shock                    Conj/Air       100%       1d9       1%          1
 Airstrike                Air            19%        2d(3-19)  1%          4
 Flame Wave               Conj/Fire      40%        2d11      1%          4
 Confusing Touch          Hex            34%        N/A       2%          3
 Apportation              Tloc           26%        N/A       6%          1
 Necrotise                Necr           52%        1d6       6%          1
 Summon Small Mammal      Summ           52%        N/A       6%          1
 Yara's Violent Unravell  Hex/Tmut       12%        3d7       16%         5
 Summon Cactus Giant      Summ           6%         N/A       100%        6
 Enfeeble                 Hex            17%        N/A       100%        7


Dungeon Overview and Level Annotations

Branches:
Dungeon (11/15)            Temple (1/1) D:6         Ossuary (visited)
   Lair: D:8-11         Orc: D:9-12

Altars:
Ashenzari
Dithmenos
Elyvilon
Fedhas
Hepliaklqana
Kikubaaqudgha
Makhleb
Nemelex Xobeh
Okawaru
Ru
Sif Muna
Trog
Uskayaw
Vehumet
Wu Jian
Xom
Yredelemnul
Zin
The Shining One

Shops:
D:1 [:=:

Annotations:
D:3 exclusion: downstairs


Innate Abilities, Weirdness & Mutations

You can breathe blasts of scalding, opaque steam.
Your pale cyan-grey scales are hard. (AC +8)
You cannot fit into any form of body armour.
You are cold-blooded and may be slowed by cold attacks.
You are immune to the effects of steam.


Message History

The centaur warrior is moderately wounded.
The centaur warrior is engulfed in blazing flames.
Flame seeps out of the centaur warrior.
The centaur warrior closely misses you. You block the centaur warrior's attack.
You hear a shout!
Casting: Foxfire (safe; 1% risk of failure)
Confirm with . or Enter, or press ? or * to list all spells.
Flames lash the centaur warrior.
Flame seeps out of the centaur warrior.
The centaur warrior is heavily wounded.
The centaur warrior's fire resistance burns away.
The centaur warrior is engulfed in blazing flames.
Flame seeps out of the centaur warrior.
The centaur warrior hits you with a +4 great mace of draining!!
You feel drained.
The centaur warrior kicks you but does no damage.
The centaur warrior is engulfed in blazing flames.
Flame seeps out of the centaur warrior.
The centaur warrior hits you but does no damage.
You feel drained.
The centaur warrior kicks you but does no damage.
Casting: Scorch (safe; 1% risk of failure)
Confirm with . or Enter, or press ? or * to list all spells.
You conjure some foxfire!
The centaur warrior is engulfed in blazing flames.
Flame seeps out of the centaur warrior.
The centaur warrior hits you with a +4 great mace of draining!!
You feel drained.
* * * LOW HITPOINT WARNING * * *
The centaur warrior kicks you.
* * * LOW HITPOINT WARNING * * *
The centaur warrior is engulfed in blazing flames.
Flame seeps out of the centaur warrior.
The centaur warrior hits you but does no damage.
You feel drained.
The centaur warrior kicks you but does no damage.
A gnoll comes into view. It is wielding a +0 halberd.
The centaur warrior is engulfed in blazing flames.
Flame seeps out of the centaur warrior.
The centaur warrior hits you with a +4 great mace of draining!!
You die...

# .# #. #.
##########.##### #
#.......##.....#
#####.##vv....)###.##.###
......°c@................
##.##g#####+#########+###
.. ..# ... ..# ##. ...##
...# # #..# ... # .#.# #
..# .+ #'. # #### ..##..#
.#.# # ...# ##...... #...
#.


You could see a centaur warrior (berserk, inner flame, combustible, ally target)
and a gnoll.

Vanquished Creatures
  A boulder beetle (D:11)
  4 two-headed ogres
  Erica (D:9)
  A centaur warrior (D:11)
  Amaemon (D:9)
  2 manticores (D:11)
  An orange demon (D:9)
  A kobold demonologist (D:11)
  A komodo dragon (D:11)
  Prince Ribbit (D:9)
  2 trolls
  3 shadows (D:11)
  2 wyverns (D:9)
  A vampire (D:11)
  3 wraiths (D:11)
  13 yaks
  2 steam dragons
  Menkaure (D:4)
  3 vampire mosquitoes (D:11)
  Edmund (D:5)
  Duvessa (D:6)
  3 sky beasts
  3 black bears
  An ice beast (D:7)
  2 orc warriors
  4 ogres
  7 centaurs
  3 phantoms (D:6)
  An elf zombie (Ossuary)
  4 kobold brigands
  6 bullfrogs
  3 necrophages (D:6)
  3 gnoll sergeants
  5 scorpions
  5 wights (D:9)
  Dowan (D:6)
  4 killer bees (D:9)
  3 howler monkeys (D:11)
  A centaur zombie (Ossuary)
  A human zombie (Ossuary)
  2 jellies (D:6)
  3 hounds
  4 orc priests
  8 iguanas
  An orc wizard (D:11)
  2 mummies (Ossuary)
  18 gnolls
  7 adders
  2 shadow imps
  An adder zombie (Ossuary)
  3 worms
  4 dart slugs
  24 orcs
  8 ball pythons
  7 bats
  4 endoplasms
  5 giant cockroaches
  3 goblins
  4 hobgoblins
  3 jackals (D:2)
  28 kobolds
  7 quokkas
  7 frilled lizards
  3 goblin zombies (Ossuary)
  7 hobgoblin zombies (Ossuary)
  2 jackal zombies (Ossuary)
  6 kobold zombies (Ossuary)
  13 orc zombies (Ossuary)
  3 rats
  2 rat zombies (Ossuary)
  A spectral orc (D:3)
298 creatures vanquished.

Vanquished Creatures (collateral kills)
  A shadow (D:11)
  A gnoll sergeant (D:11)
  A gnoll (D:11)
  A foxfire (D:3)
4 creatures vanquished.

Vanquished Creatures (others)
  A gnoll (D:11)
  816 foxfires
  2 plants (D:3)
819 creatures vanquished.

Grand Total: 1121 creatures vanquished

Notes
Turn   | Place    | Note
-------+----------+-------------------------------------------
     0 | D:1      | DoubleLucky the Draconian Fire Elementalist began the quest
                  | for the Orb.
     0 | D:1      | Reached XP level 1. HP: 14/14 MP: 3/3
    33 | D:1      | Found Nururoepp's Jewellery Boutique.
   357 | D:1      | Found Kekhonopp's Armour Shop.
   358 | D:1      | Found a faded altar of an unknown god.
   432 | D:1      | Reached XP level 2. HP: 20/20 MP: 1/5
   606 | D:1      | Found Ymuol's Book Emporium.
   797 | D:1      | Found Dizxaqal's Book Emporium.
  1247 | D:2      | Reached XP level 3. HP: 26/26 MP: 0/6
  1750 | D:2      | Reached XP level 4. HP: 33/33 MP: 1/7
  2189 | D:3      | Found a hazy altar of Hepliaklqana.
  2493 | D:3      | Found a broken altar of Ashenzari.
  3249 | D:3      | Reached XP level 5. HP: 38/38 MP: 3/8
  3400 | D:4      | Noticed Menkaure
  3592 | D:4      | Noticed an ogre
  3601 | D:4      | Learned a level 2 spell: Scorch
  3606 | D:4      | Reached skill level 5 in Fire Magic
  3655 | D:4      | Killed an ogre
  3656 | D:4      | Reached skill level 3 in Spellcasting
  3769 | D:4      | Reached XP level 6. HP: 45/45 MP: 7/11
  4228 | D:4      | Reached skill level 4 in Spellcasting
  4358 | D:4      | Reached skill level 5 in Spellcasting
  4970 | D:4      | Killed Menkaure
  4971 | D:4      | Your scales start taking on a pale cyan-grey colour.
  4971 | D:4      | Reached XP level 7. HP: 28/50 MP: 6/14
  4971 | D:4      | Gained mutation: You are immune to the effects of steam.
                  | [Pale Draconian growth]
  5646 | D:1      | Bought a +1 pair of gloves of stealth for 165 gold pieces
  5646 | D:1      | Bought a +0 pair of boots for 45 gold pieces
  5776 | D:5      | Entered Level 5 of the Dungeon
  5781 | D:5      | Noticed Edmund
  6137 | D:5      | Found a sand-covered staircase.
  6142 | Ossuary  | Entered an ossuary
  6315 | Ossuary  | Reached skill level 5 in Conjurations
  6320 | Ossuary  | Learned a level 3 spell: Conjure Flame
  7164 | D:5      | Reached XP level 8. HP: 57/57 MP: 5/15
  7391 | D:5      | Killed Edmund
  7607 | D:5      | Learned a level 3 spell: Inner Flame
  7620 | D:6      | Found a staircase to the Ecumenical Temple.
  7658 | Temple   | Entered the Ecumenical Temple
  7848 | Temple   | Became a worshipper of Vehumet
  7882 | D:6      | Reached skill level 1 in Hexes
  8237 | D:6      | You fall into a shaft and drop 3 floors!
  8556 | D:7      | Reached skill level 5 in Hexes
  8729 | D:7      | Reached XP level 9. HP: 61/62 MP: 11/17
  8733 | D:7      | Reached * piety under Vehumet
  8733 | D:7      | Offered knowledge of Freeze by Vehumet.
  8734 | D:7      | Reached skill level 6 in Spellcasting
  8924 | D:8      | Noticed a two-headed ogre
  8946 | D:8      | Killed a two-headed ogre
  8947 | D:8      | Reached skill level 7 in Spellcasting
  9244 | D:8      | Reached skill level 8 in Spellcasting
  9675 | D:7      | Found an ornate altar of the Wu Jian Council.
  9762 | D:7      | Reached skill level 9 in Spellcasting
 10498 | D:6      | Offered knowledge of Poisonous Vapours by Vehumet.
 10567 | D:6      | Reached ** piety under Vehumet
 10675 | D:6      | Learned a level 2 spell: Poisonous Vapours
 10812 | D:6      | Reached XP level 10. HP: 59/69 MP: 15/23
 11278 | D:6      | Reached skill level 10 in Spellcasting
 11333 | D:6      | Noticed Duvessa
 11360 | D:6      | Killed Duvessa
 11463 | D:6      | Noticed Dowan
 12104 | D:6      | Killed Dowan
 12413 | D:8      | Found a bloodstained altar of Trog.
 12491 | D:9      | Noticed an orange demon
 12494 | D:9      | Noticed Amaemon
 12497 | D:9      | Killed an orange demon
 12498 | D:9      | Reached skill level 1 in Air Magic
 12501 | D:9      | Killed Amaemon
 12502 | D:9      | Reached skill level 11 in Spellcasting
 12611 | D:9      | Learned a level 3 spell: Swiftness
 12714 | D:9      | Reached skill level 1 in Shields
 12714 | D:9      | Reached skill level 5 in Air Magic
 12970 | D:9      | Offered knowledge of Stone Arrow by Vehumet.
 13169 | D:9      | Noticed Prince Ribbit
 13172 | D:9      | Killed Prince Ribbit
 13381 | D:9      | Noticed a two-headed ogre
 13390 | D:9      | Killed a two-headed ogre
 13399 | D:9      | Learned a level 3 spell: Stone Arrow
 13516 | D:9      | Noticed Erica
 13523 | D:9      | Killed Erica
 13524 | D:9      | Reached XP level 11. HP: 74/74 MP: 23/26
 13630 | D:9      | Found a shadowy altar of Dithmenos.
 13803 | D:9      | Reached skill level 5 in Shields
 13886 | D:10     | Entered Level 10 of the Dungeon
 13935 | D:10     | Reached *** piety under Vehumet
 14061 | D:10     | Found a glowing golden altar of the Shining One.
 14134 | D:10     | Reached skill level 1 in Fighting
 14598 | D:11     | Noticed a centaur warrior
 14608 | D:11     | Killed a centaur warrior
 14636 | D:11     | Reached skill level 5 in Fighting
 14839 | D:11     | Noticed a boulder beetle
 14866 | D:11     | HP: 2/89 [gnoll/bolt of dispelling energy[a gnoll sergeant]
                  | (17)]
 15110 | D:11     | Noticed a boulder beetle
 15124 | D:11     | Offered knowledge of Ignite Poison by Vehumet.
 15130 | D:11     | Killed a boulder beetle
 15131 | D:11     | Reached skill level 12 in Spellcasting
 15452 | D:11     | Noticed a two-headed ogre
 15458 | D:11     | Killed a two-headed ogre
 15463 | D:11     | Learned a level 3 spell: Ignite Poison
 15668 | D:11     | Reached XP level 12. HP: 96/96 MP: 24/28
 15728 | D:11     | Noticed a two-headed ogre
 15742 | D:11     | Killed a two-headed ogre
 15996 | D:11     | Noticed a fire dragon
 16047 | D:11     | Identified the ring "Uvejaobb" {MP+9 Int+3}
 16047 | D:11     | Noticed a centaur warrior
 16054 | D:11     | Slain by a centaur warrior

Illustrated notes

Levels and vault maps discovered:
D:1:      minmay_arrival_arboretum_large, layout_basic, serial_shops, shop,
          nicolae_shop_window_shopping, nicolae_square_shop, shop,
          shapermc_ecumenical_altar_venn
D:2:      minmay_wonky_spiral, layout_rooms
D:3:      layout_loops_ring, cheibrodos_ashenzari_chains,
          nicolae_hepliaklqana_monster_ancestors, gup_sewer_entry_spiral,
          minmay_lizard_king
D:4:      layout_basic, uniq_menkaure
D:5:      layout_rooms, nicolae_ossuary_entry_false_entrances, uniq_edmund
D:6:      minmay_bubble_buster, layout_loops_ring, temple_pool_b,
          minmay_misc_feat_alley, minmay_increasing_density, uniq_duvessa
D:7:      layout_rooms, nicolae_wu_jian_wuxing_cycle
D:8:      layout_basic, nicolae_overflow_hidden_temple, serial_glass,
          glass_columns_a, glass_columns_b, gammafunk_ghost_nasty_kobolds,
          glass_columns_a, dk_noncrumbling_3
D:9:      layout_roguey, lemuel_coloured_pillars_altar, serial_bayou_pond_d,
          uniq_amaemon, uniq_erica, uniq_prince_ribbit1
D:10:     layout_rooms, mainiacjoe_overflow_small_starburst
D:11:     minmay_the_grid_4x2 [minmay_the_grid_dragon_a,
          minmay_the_grid_all_tris, minmay_the_grid_minigrid_small_alt,
          minmay_the_grid_square_x, minmay_the_grid_tiny_cups,
          minmay_the_grid_odd_star, minmay_the_grid_minigrid_small,
          minmay_the_grid_prize_four_corners_diamond_a], layout_loops_cross
Temple:   nicolae_temple_figure_eight

Skill      XL: |  1  2  3  4  5  6  7  8  9 10 11 |
---------------+----------------------------------+-----
Conjurations   | 2 3 4 5 |  5.0
Fire Magic     | 4 5 7 8 |  8.0
Spellcasting   | 3 5 9 11 12 | 12.9
Hexes          | 5 |  5.0
Air Magic      | 6 |  6.0
Shields        | 4 6 |  6.0
Fighting       | 6 |  6.0
Dodging        | |  1.7
Stealth        | |  1.7

Action                   |  1- 3 |  4- 6 |  7- 9 | 10-12 || total
-------------------------+-------+-------+-------+-------++-------
Melee: Tailslap          |     2 |     6 |       |       ||     8
       Unarmed           |     1 |       |       |       ||     1
       Dagger            |     6 |    73 |     7 |     3 ||    89
       Punch             |       |     1 |       |       ||     1
 Cast: Foxfire           |    64 |    92 |   214 |   151 ||   521
       Scorch            |       |     5 |    51 |    73 ||   129
       Inner Flame       |       |       |    34 |    70 ||   104
       Conjure Flame     |       |       |     2 |     1 ||     3
       Stone Arrow       |       |       |       |    10 ||    10
 Abil: Breathe Steam     |       |       |     4 |     2 ||     6
  Use: Scroll            |       |     5 |     7 |     8 ||    20
       Potion            |       |       |     1 |     4 ||     5
 Stab: Sleeping          |       |     2 |       |       ||     2
Armor: Skin              |     2 |    28 |    32 |    34 ||    96
Dodge: Dodged            |     7 |    45 |    59 |    52 ||   163
Block: Buckler           |       |       |       |    13 ||    13
